 Dungeon Crawl Stone Soup version 0.29.1-2-gbd0b4ee654 (webtiles) character file.

Game seed: 15749149693778734926

1442 DildoBatman the Magician (level 9, 0/63 HPs)
             Began as a Formicid Conjurer on Dec 1, 2022.
             Was a Follower of Kikubaaqudgha.
             Killed by divine providence
             ... invoked by an orc priest
              (12 damage)
             ... on level 7 of the Dungeon.
             The game lasted 00:12:46 (4870 turns).

DildoBatman the Magician (Formicid Conjurer)        Turns: 4870, Time: 00:12:47

Health: 0/63       AC:  4    Str: 16    XL:     9   Next: 4%
Magic:  8/19       EV: 12    Int: 21    God:    Kikubaaqudgha [*.....]
Gold:   208        SH:  0    Dex: 12    Spells: 17/22 levels left

rFire   . . .      SeeInvis +   a - +12 dagger of Light {vorpal, Str+3}
rCold   . . .      Faith    .   (no shield)
rNeg    . . .      Spirit   .   t - +0 robe
rPois   .          Reflect  .   (helmet unavailable)
rElec   .          Harm     .   e - +0 cloak
rCorr   .          Rampage  .   (no gloves)
Will    .....                   H - +0 pair of boots
Stlth   ++........              r - amulet of regeneration
HPRegen 1.00/turn               (no ring)
MPRegen 0.16/turn               (no ring)

@: no status effects
A: permanent stasis, dig shafts and tunnels, antennae 3, four strong arms
a: Dig, Shaft Self, Renounce Religion, Unearth Wretches


You were on level 7 of the Dungeon.
You worshipped Kikubaaqudgha.
Kikubaaqudgha was aware of your devotion.
You visited 2 branches of the dungeon, and saw 8 of its levels.

You collected 208 gold pieces.

Inventory:

Hand Weapons
 a - the +12 dagger of Light (weapon) {vorpal, Str+3}
   (You found it on level 4 of the Dungeon)

   It inflicts extra damage upon your enemies.
   Str:       It affects your strength (+3).
 b - a +0 sling
 d - the +4 flail of Pukhezee {spect, rElec Will- rCorr}
   (You found it on level 4 of the Dungeon)

   When its wielder attacks, the weapon's spirit leaps out and strikes again.
   The spirit shares a part of any damage it takes with its wielder.
   rElec:     It insulates you from electricity.
   rCorr:     It protects you from acid and corrosion.
   Will:      It decreases your willpower.
Missiles
 h - 57 stones
 E - 2 boomerangs
 G - 11 poisoned darts
 N - a throwing net
Armour
 e - a +0 cloak (worn)
 t - a +0 robe (worn)
 H - a +0 pair of boots (worn)
 O - a +0 kite shield
Jewellery
 g - an amulet of the acrobat
 m - an amulet of magic regeneration
 r - an amulet of regeneration (around neck)
 B - a ring of fire
Wands
 n - a wand of roots (18)
 o - a wand of digging (5)
 I - a wand of flame (17)
 P - a wand of charming (3)
Scrolls
 i - a scroll of poison {unknown}
 l - a scroll of acquirement {unknown}
 p - 2 scrolls of immolation
 u - a scroll of brand weapon {unknown}
 w - a scroll of enchant armour {unknown}
 x - 2 scrolls of torment
 y - a scroll of magic mapping {unknown}
 z - 2 scrolls of identify
 F - 2 scrolls of butterflies {unknown}
 M - a scroll of amnesia {unknown}
 Q - a scroll of teleportation {unknown}
Potions
 c - a potion of resistance {unknown}
 f - 3 potions of attraction {unknown}
 j - 3 potions of heal wounds
 k - a potion of berserk rage {unknown}
 q - 8 potions of curing
 s - a potion of haste {unknown}
 v - a potion of ambrosia {unknown}
 A - a potion of magic
 C - a potion of flight {unknown}
 D - a potion of might {unknown}
 J - a potion of lignification {unknown}
 K - a potion of invisibility {unknown}
 L - a potion of mutation {unknown}


   Skills:
 - Level 3.0 Fighting
 - Level 3.0 Armour
 - Level 2.0 Dodging
 - Level 2.4 Stealth
 * Level 5.7 Shields
 - Level 7.0 Spellcasting
 - Level 6.0 Conjurations


You had 17 spell levels left.
You knew the following spells:

 Your Spells              Type           Power      Damage    Failure   Level
a - Searing Ray           Conj           64%        2d6       1%          2
c - Magic Dart            Conj           100%       1d8       1%          1
z - Sublimation of Blood  Necr           7%         N/A       13%         2

Your spell library contained the following spells:

 Spells                   Type           Power      Damage    Failure   Level
 Dazzling Flash           Conj/Hex       38%        N/A       8%          3
 Beastly Appendage        Tmut           14%        N/A       9%          1
 Necrotise                Necr           28%        1d5       9%          1
 Summon Small Mammal      Summ           28%        N/A       9%          1
 Wereblood                Tmut           7%         N/A       13%         2
 Call Canine Familiar     Summ           7%         N/A       26%         3
 Gell's Gravitas          Tloc           7%         N/A       26%         3
 Spider Form              Tmut/Pois      7%         N/A       26%         3
 Summon Guardian Golem    Hex/Summ       7%         N/A       26%         3
 Teleport Other           Tloc           7%         N/A       26%         3
 Vampiric Draining        Necr           7%         2d6       26%         3
 Fulminant Prism          Conj/Hex       9%         3d7       26%         4
 Iskenderun's Mystic Bla  Conj/Tloc      19%        2d6       26%         4
 Anguish                  Hex/Necr       3%         N/A       65%         4
 Animate Dead             Necr           7%         N/A       65%         4
 Dispersal                Tloc           3%         N/A       100%        6
 Summon Hydra             Summ           3%         N/A       100%        7


Dungeon Overview and Level Annotations

Branches:
Dungeon (7/15)             Temple (1/1) D:6

Altars:
Ashenzari
Cheibriados
Dithmenos
Elyvilon
Fedhas
Hepliaklqana
Kikubaaqudgha
Makhleb
Okawaru
Qazlal
Ru
Sif Muna
Trog
Uskayaw
Vehumet
Wu Jian
Xom
Yredelemnul
Zin
The Shining One

Annotations:
D:7 Pikel


Innate Abilities, Weirdness & Mutations

You cannot be hasted, slowed, berserked, paralysed or teleported.
You can dig through walls and to a lower floor.
You have a pair of large antennae on your head. (SInv)
Your four strong arms can wield two-handed weapons with a shield.


Message History

The orc priest calls upon Beogh to heal the orc priest.
The orc priest is healed somewhat.
The orc warrior hits you with a +0 mace.
The orc priest begins to cast a cantrip, but forgets the words!
The searing ray hits the orc warrior.
The orc warrior is severely wounded.
The searing ray hits the orc priest.
The orc priest is moderately wounded.
The orc priest looks encouraged for a moment.
The orc warrior hits you with a +0 mace!
The searing ray hits the orc warrior.
The orc warrior is almost dead.
The searing ray hits the orc priest.
The orc priest is heavily wounded.
The orc priest calls upon Beogh to heal the orc priest.
The orc priest is healed somewhat.
The orc warrior hits you with a +0 mace!
The searing ray hits the orc warrior.
The orc warrior is almost dead.
The searing ray hits the orc priest.
The orc priest is heavily wounded.
You finish channelling your searing ray.
The orc warrior hits you with a +0 mace!
Casting: Searing Ray (safe; 1% risk of failure)
Confirm with . or Enter, or press ? or * to list all spells.
Aiming: Searing Ray (safe; 1% risk of failure)
Press: ? - help, Shift-Dir - straight line, f/p - orc priest
Aim: an orc priest, wielding a +0 club and wearing a +0 scale mail (heavily wounded, 83% to hit)
The searing ray hits the orc warrior!
You kill the orc warrior!
Kikubaaqudgha accepts your kill.
The searing ray hits the orc priest.
The orc priest is severely wounded. (Press . to maintain the ray.)
The orc priest calls down the wrath of Beogh upon you.
Pain shoots through your body!
The orc priest mumbles some strange prayers to Beogh against you.
Beogh smites you!
You die...
Kikubaaqudgha rasps: "You have failed me!
Welcome... death!"

#.'.#._.#....#............
#.'.#...#...............c.
#.#.###.#...o......>......
#.#.....#.##..............
#.#########oo##...........
#..#...#....###...........
##......)...# ##.......###
###<...)#######.......##.
##....@###.##.)......#.
#......)...#..###......
###....o#.....##.......
##.##..).#.o.........)..
##......#.#..>.#.........
#......##.....##..)......
#......###....##.........
#......###...............
#........)).))...........


You could see 2 orc priests.

Vanquished Creatures
  An orc warrior (D:7)
  A black bear (D:5)
  2 ice beasts
  2 phantoms (D:6)
  A lemure (D:6)
  A kobold brigand (D:6)
  A gnoll sergeant (D:7)
  5 wights (D:6)
  An electric eel (D:6)
  2 hounds
  3 jellies
  4 orc priests
  Jessica (D:3)
  3 orc wizards
  8 gnolls
  4 adders
  An ufetubus (D:7)
  A dart slug (D:1)
  A worm (D:2)
  19 orcs
  9 bats
  8 endoplasms
  8 goblins
  8 hobgoblins
  6 kobolds
  6 quokkas
  5 ball pythons
  4 frilled lizards
  2 rats (D:1)
118 creatures vanquished.

Notes
Turn   | Place    | Note
-------+----------+-------------------------------------------
     0 | D:1      | DildoBatman the Formicid Conjurer began the quest for the
                  | Orb.
     0 | D:1      | Reached XP level 1. HP: 13/13 MP: 3/3
   183 | D:1      | Reached XP level 2. HP: 20/20 MP: 1/5
   186 | D:1      | Learned a level 2 spell: Searing Ray
   267 | D:1      | Found a faded altar of an unknown god.
   678 | D:1      | Reached skill level 1 in Armour
   823 | D:2      | Reached skill level 1 in Fighting
   823 | D:2      | Reached XP level 3. HP: 25/26 MP: 1/6
  1013 | D:2      | Reached XP level 4. HP: 32/32 MP: 6/8
  1015 | D:2      | You fall into a shaft and drop 1 floor!
  1495 | D:3      | Found an iron altar of Okawaru.
  1586 | D:3      | Noticed Jessica
  1772 | D:4      | Identified the +12 dagger of Light {vorpal, Str+3}
  1794 | D:4      | Identified the +4 flail of Pukhezee {spect, rElec Will-
                  | rCorr}
  1886 | D:4      | Reached skill level 3 in Spellcasting
  1886 | D:4      | Reached XP level 5. HP: 38/38 MP: 3/9
  1928 | D:4      | Reached XP level 6. HP: 34/46 MP: 7/11
  2499 | D:5      | Entered Level 5 of the Dungeon
  2628 | D:5      | Found an ornate altar of the Wu Jian Council.
  2874 | D:5      | Noticed a black bear
  2890 | D:5      | Killed a black bear
  2891 | D:5      | Reached skill level 4 in Spellcasting
  2891 | D:5      | Reached XP level 7. HP: 48/52 MP: 4/13
  3016 | D:5      | Found a bloodstained altar of Trog.
  3064 | D:5      | Reached skill level 5 in Conjurations
  3379 | D:6      | Reached skill level 5 in Spellcasting
  3576 | D:6      | Found a staircase to the Ecumenical Temple.
  3594 | Temple   | Entered the Ecumenical Temple
  3701 | Temple   | Became a worshipper of Kikubaaqudgha
  3795 | D:6      | Reached XP level 8. HP: 54/58 MP: 5/15
  3821 | D:6      | Reached skill level 6 in Spellcasting
  4181 | D:3      | Killed Jessica
  4182 | D:3      | Reached skill level 7 in Spellcasting
  4190 | D:3      | You fall into a shaft and drop 2 floors!
  4234 | D:7      | Noticed Pikel
  4235 | D:7      | Reached skill level 1 in Shields
  4250 | D:6      | Learned a level 2 spell: Sublimation of Blood
  4757 | D:7      | Found a basalt altar of Yredelemnul.
  4767 | D:7      | Reached skill level 5 in Shields
  4840 | D:7      | Reached XP level 9. HP: 62/63 MP: 19/19
  4840 | D:7      | Reached * piety under Kikubaaqudgha
  4840 | D:7      | Received a gift from Kikubaaqudgha
  4870 | D:7      | Killed from afar by an orc priest

Illustrated notes

Levels and vault maps discovered:
D:1:      lemuel_arrival_tunnels, layout_basic, basic_ecumenical_altar
D:2:      minmay_recursive_quarters, layout_rooms, minmay_misc_feat_square
D:3:      layout_rooms, mainiacjoe_overflow_small_starburst,
          minmay_fountain_box, feat_on_display, uniq_jessica
D:4:      layout_basic
D:5:      layout_gridville, nicolae_overflow_crystal_walls,
          lightli_temple_of_fire
D:6:      layout_basic, minmay_temple_entry_offerings, minivault_14
D:7:      layout_cave_pools, mainiacjoe_overflow_alcove_4,
          nicolae_gozag_cash_rules_everything_around_me, uniq_pikel
Temple:   compressed_dpeg_triangle_lava_temple

Skill      XL: |  1  2  3  4  5  6  7  8 |
---------------+-------------------------+-----
Dodging        | 2 |  2.0
Armour         | 1 2 3 |  3.0
Fighting       | 1 2 3 |  3.0
Conjurations   | 4 5 6 |  6.0
Spellcasting   | 3 4 5 7 |  7.0
Shields        | 5 |  5.7
Stealth        | |  2.4

Action                   |  1- 3 |  4- 6 |  7- 9 || total
-------------------------+-------+-------+-------++-------
Melee: Club              |     5 |       |       ||     5
       Dagger            |       |    10 |    20 ||    30
       Punch             |       |       |     1 ||     1
 Fire: Sling             |       |     5 |       ||     5
 Cast: Magic Dart        |    63 |    57 |    49 ||   169
       Searing Ray       |     3 |     7 |    36 ||    46
 Abil: Shaft Self        |       |     1 |     1 ||     2
  Use: Scroll            |       |     2 |     3 ||     5
Armor: Robe              |     1 |     5 |     7 ||    13
Dodge: Dodged            |     9 |    13 |    25 ||    47
